 Dungeon Crawl Stone Soup version 0.24-a0-230-g536ed4e33c (webtiles) character file.

Game seed: 3881634365543900436

51 Redear the Skirmisher (level 3, -1/33 HPs)
             Began as a Minotaur Monk on Apr 1, 2019.
             Slain by a hobgoblin
             ... wielding a +0 club
             ... led by Robin
              (5 damage)
             ... on level 2 of the Dungeon on Apr 2, 2019.
             The game lasted 00:04:09 (1151 turns).

Redear the Skirmisher (Minotaur Monk)               Turns: 1151, Time: 00:04:10

Health: -1/33      AC:  2    Str: 16    XL:     3   Next: 58%
Magic:  2/2        EV: 13    Int:  7    God:
Gold:   50         SH:  0    Dex: 12    Spells: 2/2 levels left

rFire    . . .     SeeInvis .   a - +0 hand axe
rCold    . . .     Gourm    .   (no shield)
rNeg     + . .     Faith    .   b - +0 robe
rPois    .         Spirit   .   (helmet restricted)
rElec    .         Reflect  .   (no cloak)
rCorr    .         Harm     .   (no gloves)
MR       .....                  (no boots)
Stlth    ++........             (no amulet)
HPRegen  0.11/turn              N - ring of positive energy {rN+}
MPRegen  0.08/turn              (no ring)

@: flying
A: retaliatory headbutt, horns 2
a: no special abilities


You were on level 2 of the Dungeon.
You were not hungry.

You visited 1 branch of the dungeon, and saw 2 of its levels.

You collected 50 gold pieces.

Inventory:

Hand Weapons
 a - a +0 hand axe (weapon)
Missiles
 m - 18 bolts
 n - 14 arrows
 Q - 22 stones (quivered)
Armour
 b - a +0 robe (worn)
 e - a +0 buckler
Jewellery
 l - an uncursed ring of positive energy {rN+}
 N - a ring of positive energy (left hand) {rN+}
Scrolls
 d - 4 scrolls of identify {unknown}
 f - a scroll of enchant weapon {unknown}
 h - 2 scrolls of amnesia {unknown}
 i - a scroll of remove curse {unknown}
 j - 2 scrolls of magic mapping {unknown}
 k - a scroll of immolation {unknown}
Comestibles
 c - a ration
 o - a chunk of flesh


   Skills:
 + Level 4.1 Fighting
 + Level 4.1 Axes
 + Level 1.5 Armour
 + Level 3.7 Dodging
 - Level 1.5 Stealth
 + Level 1.3 Shields


You had 2 spell levels left.
You didn't know any spells.
Your spell library was empty.

Dungeon Overview and Level Annotations

Branches:
Dungeon (2/15)

Altars:
Sif Muna
The Shining One

Annotations:
D:2 exclusion: Sigmund, Robin, Sigmund


Innate Abilities, Weirdness & Mutations

You reflexively headbutt those who attack you in melee.
You have a pair of horns on your head.


Message History

You see here a ration.
You hit the hobgoblin but do no damage. You headbutt the hobgoblin.
The hobgoblin hits you with a +0 club.
* * * LOW HITPOINT WARNING * * *
A goblin comes into view.
You take 4 damage, and have 12/33 hp.
You barely miss the hobgoblin. The hobgoblin hits you with a +0 club.
* * * LOW HITPOINT WARNING * * *
You take 2 damage, and have 10/33 hp.
Okay, then.
The goblin shouts!
You hit the hobgoblin. The hobgoblin hits you with a +0 club.
* * * LOW HITPOINT WARNING * * *
You take 6 damage, and have 4/33 hp.
Okay, then.
Robin throws the goblin at you!
It was a potion of flight.
You feel very buoyant.
You fly up into the air.
The hobgoblin hits you with a +0 club.
You die...

#..##
#############.
.!..
..............
#..#
######.#####.
#))# #.# #.
#g.## #.# #.
#†gg# #.# #.
#.#.# #.# #.
#.#g## #.# #.
#.#.@# #.# #.
#..#g###
#.#####.
#..._†.#
#†......
#.##.#.#
###.###### #.
#...# #...# ..
###.# #.#+###
## #.# #.....#
#.## #.....#
#..# #.....#


You could see Robin, 2 hobgoblins and 2 goblins.

Levels and vault maps discovered:
D:1:      evilmike_arrival_crescent, layout_basic, serial_curves,
          eino_curves_03, eino_curves_03
D:2:      layout_basic, marbit_many_paths, lemuel_crystal_altar,
          tso_oasis_becter, chequers_ecumenical_altar_island, uniq_sigmund,
          uniq_robin

Notes
Turn   | Place    | Note
-------+----------+-------------------------------------------
     0 | D:1      | Redear the Minotaur Monk began the quest for the Orb.
     0 | D:1      | Reached XP level 1. HP: 19/19 MP: 0/0
    79 | D:1      | Upgraded the game from 0.24-a0-228-g05560da471 to
                  | 0.24-a0-230-g536ed4e33c
   220 | D:1      | Identified a cursed -1 club
   275 | D:1      | Identified a +0 club
   277 | D:1      | Identified a +0 club
   281 | D:1      | Reached XP level 2. HP: 24/27 MP: 1/1
   329 | D:1      | Identified a +0 club
   369 | D:1      | Reached skill level 1 in Armour
   530 | D:1      | Identified a +0 club
   550 | D:1      | Identified a +0 short sword
   553 | D:1      | Reached skill level 1 in Shields
   697 | D:1      | Identified a +0 dagger
   966 | D:2      | Reached skill level 4 in Axes
   998 | D:2      | Found a glowing golden altar of the Shining One.
  1028 | D:2      | Reached skill level 4 in Fighting
  1033 | D:2      | Reached XP level 3. HP: 33/33 MP: 2/2
  1041 | D:2      | Identified a +0 club
  1059 | D:2      | Identified a +0 scythe
  1059 | D:2      | Identified a +0 robe
  1059 | D:2      | Noticed Sigmund
  1084 | D:2      | Found a faded altar of an unknown god.
  1107 | D:2      | Identified a ring of positive energy (You found it on level
                  | 1 of the Dungeon)
  1122 | D:2      | Found a deep blue altar of Sif Muna.
  1135 | D:2      | Identified a +0 club
  1136 | D:2      | Identified a +0 dagger
  1136 | D:2      | Identified a +0 club
  1137 | D:2      | Identified a +0 club
  1137 | D:2      | Identified a +0 club
  1137 | D:2      | Identified a cursed -2 club
  1137 | D:2      | Identified a +0 dagger
  1137 | D:2      | Identified a +0 animal skin
  1137 | D:2      | Identified a +0 helmet
  1137 | D:2      | Noticed Robin
  1140 | D:2      | Identified a +0 club
  1142 | D:2      | Identified a +0 club
  1149 | D:2      | HP: 4/33 [hobgoblin/+0 club[Robin] (6)]
  1151 | D:2      | Identified a potion of flight
  1151 | D:2      | Slain by a hobgoblin

Table legend:
 A = Turns spent in this place as a percentage of turns spent in the entire game.
 B = Non-inter-level travel turns spent in this place as a percentage of non-inter-level travel turns spent in the entire game.
 C = Inter-level travel turns spent in this place as a percentage of turns spent in this place.
 D = Turns resting spent in this place as a percentage of non-inter-level travel turns spent in this place.
 E = Turns spent auto-exploring this place as a percentage of non-inter-level travel turns spent in this place.
 F = Non-inter-level travel turns spent in this place divided by the number of levels of this place that you've seen.
                   A       B       C       D       E      F
               +-------+-------+-------+-------+-------+----------------------
         Total | 100.0 | 100.0 |   0.6 |   8.1 |  76.6 | 572.0
       Dungeon | 100.0 | 100.0 |   0.6 |   8.1 |  76.6 | 572.0
               +-------+-------+-------+-------+-------+----------------------

Table legend:
 A = Kills in this place as a percentage of kills in entire the game.
 B = Kills by you in this place as a percentage of kills by you in the entire game.
 C = Kills by friends in this place as a percentage of kills by friends in the entire game.
 D = Other kills in this place as a percentage of other kills in the entire game.
 E = Experience gained in this place as a percentage of experience gained in the entire game.
 F = Experience gained in this place divided by the number of levels of this place that you have seen.
                   A       B       C       D       E      F
               +-------+-------+-------+-------+-------+----------------------
         Total | 100.0 | 100.0 |   N/A |   N/A | 100.0 |  37.0
       Dungeon | 100.0 | 100.0 |   N/A |   N/A | 100.0 |  37.0
               +-------+-------+-------+-------+-------+----------------------

Skill      XL: |  1  2 |
---------------+-------+-----
Armour         | 1 |  1.5
Shields        | 1 |  1.3
Axes           | 4 |  4.1
Fighting       | 4 |  4.1
Dodging        | |  3.7
Stealth        | |  1.5

Action                   || total
-------------------------++-------
Melee: Hand axe          ||    57
       Headbutt          ||     8
  Use: Potion            ||     1
 Stab: Sleeping          ||     2
  Eat: Chunk             ||     1
Armor: Robe              ||     7
Dodge: Dodged            ||    34

Vanquished Creatures
  An adder (D:2)
  2 leopard geckos (D:1)
  A ball python (D:1)
  2 giant cockroaches
  12 goblins
  4 hobgoblins
  2 jackals (D:1)
  4 kobolds
  2 bats (D:1)
  A frilled lizard (D:1)
  3 rats
34 creatures vanquished.
